 Dungeon Crawl Stone Soup version 0.21-a0-186-g02e8684 (webtiles) character file.

210 Starchild the Cutter (level 6, -4/34 HPs)
             Began as a Kobold Artificer on Aug 13, 2017.
             Was a Follower of Dithmenos.
             Slain by an ogre
             ... wielding a cursed -2 giant club
              (6 damage)
             ... on level 3 of the Dungeon.
             The game lasted 00:14:08 (4563 turns).

Starchild the Cutter (Kobold Artificer)             Turns: 4563, Time: 00:14:09

Health: -4/34      AC: 14    Str: 11    XL:     6   Next: 12%
Magic:  9/9        EV: 12    Int: 13    God:    Dithmenos [*.....]
Gold:   143        SH:  0    Dex: 20    Spells: 5/5 levels left

rFire    . . .     SeeInvis .   p - +0 dagger
rCold    . . .     Gourm    .   (shield restricted)
rNeg     . . .     Faith    .   i - +0 shadow dragon scales
rPois    .         Spirit   .   m - +2 helmet
rElec    .         Reflect  .   q - +0 cloak
rCorr    .         Harm     .   (no gloves)
MR       .....                  (no boots)
Stlth    +++++.....             (no amulet)
HPRegen  0.11/turn              (no ring)
MPRegen  0.11/turn              (no ring)

@: agile, wreathed by umbra
A: carnivore 3
a: Renounce Religion


You were on level 3 of the Dungeon.
You worshipped Dithmenos.
Dithmenos was aware of your devotion.
You were full.

You visited 1 branch of the dungeon, and saw 3 of its levels.

You collected 143 gold pieces.

Inventory:

Hand Weapons
 p - a +0 dagger (weapon)
Missiles
 b - 2 tomahawks of returning (quivered)
 j - 100 stones
 u - 3 curare-tipped needles
Armour
 i - +0 shadow dragon scales (worn)
 m - a +2 helmet (worn)
 q - a +0 cloak (worn)
Wands
 a - a wand of acid (4/15)
 d - a wand of enslavement (15/24)
Scrolls
 h - 2 scrolls of amnesia {unknown}
 k - 2 scrolls of enchant weapon {unknown}
 n - 4 scrolls of identify
 o - 3 scrolls of teleportation
 r - a scroll of magic mapping {unknown}
 v - a scroll of fear {unknown}
Potions
 l - a potion of agility
 s - a potion of degeneration {unknown}
Comestibles
 f - 3 meat rations


   Skills:
 - Level 1.1 Fighting
 + Level 6.2 Short Blades
 - Level 2.4 Dodging
 - Level 1.3 Stealth
 - Level 5.1 Evocations


You had 5 spell levels left.
You didn't know any spells.

Dungeon Overview and Level Annotations

Branches:
Dungeon (3/15)

Altars:
Dithmenos

Annotations:
D:3 Lunath's ghost, novice CeHu


Innate Abilities, Weirdness & Mutations

You are small and have problems with some larger weapons.
You are carnivorous and can eat meat at any time.


Message History

The ogre is moderately wounded.
You hit the ogre.
The ogre is moderately wounded.
The ogre hits you with a giant club.
* * * LOW HITPOINT WARNING * * *
You hit the ogre but do no damage.
The ogre is moderately wounded.
You hit the ogre.
The ogre is heavily wounded.
The ogre barely misses you.
You hit the ogre.
The ogre is heavily wounded.
You hit the ogre.
The ogre is heavily wounded.
The ogre hits you with a giant club!
* * * LOW HITPOINT WARNING * * *
It was a potion of agility.
You feel agile all of a sudden. The ogre hits you with a giant club.
You die...

.#####.....#
.##....##..#
....#####.##
.####.....#
..........##
...........##
............######
.................#
............####@#
...........## #O#
...........# #)#
...........#.%.'.#
....#.....##..%###
...####### ####
..## ..##########
.)#........#


You could see an ogre.

Vanquished Creatures
  An orc priest (D:3)
  An orc wizard (D:2)
  A worker ant (D:3)
  6 adders
  2 worms (D:2)
  2 dart slugs
  A leopard gecko (D:1)
  4 orcs
  4 giant cockroaches
  12 goblins
  8 hobgoblins
  2 quokkas (D:2)
  7 bats
  3 frilled lizards
  4 kobolds
  4 rats (D:1)
62 creatures vanquished.

Vanquished Creatures (others)
  An orc (D:3)
1 creature vanquished.

Grand Total: 63 creatures vanquished

Notes
Turn   | Place    | Note
-------+----------+-------------------------------------------
     0 | D:1      | Starchild the Kobold Artificer began the quest for the Orb.
     0 | D:1      | Reached XP level 1. HP: 12/12 MP: 3/3
   200 | D:1      | Reached XP level 2. HP: 16/16 MP: 5/5
   611 | D:1      | Reached XP level 3. HP: 20/20 MP: 6/6
   711 | D:2      | Found a shadowy altar of Dithmenos.
   714 | D:2      | Became a worshipper of Dithmenos the Shadowed
   777 | D:2      | Reached skill level 5 in Evocations
  1199 | D:2      | Found a faded altar of an unknown god.
  1365 | D:2      | Reached skill level 2 in Short Blades
  1939 | D:2      | Reached skill level 3 in Short Blades
  1939 | D:2      | Reached XP level 4. HP: 7/25 MP: 7/7
  2569 | D:3      | Reached skill level 4 in Short Blades
  2604 | D:3      | Noticed Lunath's ghost (novice CeHu)
  2686 | D:2      | Reached XP level 5. HP: 24/29 MP: 8/8
  3287 | D:3      | Reached skill level 5 in Short Blades
  3687 | D:3      | Reached * piety under Dithmenos
  4257 | D:3      | Reached skill level 6 in Short Blades
  4257 | D:3      | Reached XP level 6. HP: 15/34 MP: 9/9
  4488 | D:3      | Noticed an ogre
  4562 | D:3      | HP: 1/34 [ogre/giant club (8)]
  4563 | D:3      | Slain by an ogre

Vault maps used:
D:1:      dpeg_arrival_simpleton_c, serial_glass, glass_columns_a,
          glass_columns_b
D:2:      chequers_ecumenical_altar_grove, first_bread, chequers_big_river,
          grunt_dithmenos_smoke_and_mirrors
D:3:      kennysheep_big_empty_room, minmay_ogre_servants

Skill      XL: |  1  2  3  4  5 |
---------------+----------------+-----
Evocations     | 4 5 |  5.1
Short Blades   | 3 4 6 |  6.2
Fighting       | |  1.1
Dodging        | |  2.4
Stealth        | |  1.3

Action                   |  1- 3 |  4- 6 || total
-------------------------+-------+-------++-------
Melee: Short sword       |    80 |       ||    80
       Dagger            |   114 |   391 ||   505
Throw: Stone             |     7 |    20 ||    27
  Use: Potion            |     1 |     2 ||     3
       Scroll            |       |     2 ||     2
 Stab: Sleeping          |     6 |       ||     6
       Distracted        |     1 |     1 ||     2
  Eat: Chunk             |     2 |     8 ||    10
       Meat ration       |       |     1 ||     1
Armor: Shadow dragon sca |   110 |   206 ||   316
       Leather armour    |     6 |       ||     6
Dodge: Dodged            |    60 |   125 ||   185
